 Dungeon Crawl Stone Soup version 0.31-a0-234-gad7ace16ef (webtiles) character file.

Game seed: 6464796046344726817

187 qw the Shooter (level 5, -10/45 HPs)
             Began as a Minotaur Hexslinger on July 9, 2023.
             Mangled by Blork the orc
             ... wielding a +0 scimitar
              (15 damage)
             ... on level 4 of the Dungeon.
             The game lasted 00:01:04 (2548 turns).

qw the Shooter (Minotaur Hexslinger)                Turns: 2548, Time: 00:01:04

Health: -10/45     AC:  3    Str: 12    XL:     5   Next: 39%
Magic:  5/5        EV: 12    Int: 10    God:
Gold:   212        SH:  0    Dex: 15    Spells: 5/6 levels left

rFire   . . .        Y - +1 sling
rCold   . . .        (no shield)
rNeg    . . .        h - +0 leather armour
rPois   .            (helmet restricted)
rElec   .            (no cloak)
rCorr   .            (no gloves)
SInv    .            (no boots)
Will    .....        (no amulet)
Stlth   +            (no ring)
HPRegen 0.27/turn    (no ring)
MPRegen 0.09/turn

%: no passive effects
@: no status effects
A: horns 2, retaliatory headbutt
a: no special abilities


You were on level 4 of the Dungeon.
You visited 1 branch of the dungeon, and saw 4 of its levels.

You collected 212 gold pieces.


Innate Abilities, Weirdness & Mutations

You have a pair of horns on your head.
You reflexively headbutt those who attack you in melee.


   Skills:
 - Level 3.2 Fighting
 + Level 5.6 Ranged Weapons
 - Level 2.1 Dodging
 - Level 1.0 Spellcasting
 - Level 2.0 Hexes


You had 5 spell levels left.
You knew the following spells:

 Your Spells              Type           Power      Damage    Failure   Level
a - Slow                  Hex            16%        N/A       19%         1

Your spell library contained the following spells:

 Spells                   Type           Power      Damage    Failure   Level
 Inner Flame              Hex/Fire       2%         N/A       65%         3
 Portal Projectile        Hex/Tloc       4%         N/A       65%         3
 Cause Fear               Hex            2%         N/A       88%         4

Inventory:

Hand Weapons
 Y - a +1 sling (weapon)
Armour
 h - a +0 leather armour (worn)
Jewellery
 a - a +4 ring of protection
 c - a ring of ice
Scrolls
 e - 3 scrolls of teleportation
Potions
 b - a potion of magic {unknown}

Dungeon Overview and Level Annotations

Branches:
Dungeon (4/15)
 Temple: D:4-7

Altars:
Gozag

Annotations:
D:4 Blork the orc


Message History

Blork the orc mumbles some strange words.
Blork the orc seems to speed up.
The howler monkey closely misses you.
You shoot a sling bullet.
The sling bullet hits the howler monkey.
The howler monkey is almost dead.
The howler monkey barely misses you.
The howler monkey hits you but does no damage.
You shoot a sling bullet.
The sling bullet hits the howler monkey.
The howler monkey is almost dead.
The howler monkey hoots and howls with incredible vigour!
You hear a shout!
You shoot a sling bullet.
The sling bullet closely misses the howler monkey.
The howler monkey hits you!
You shoot a sling bullet.
The sling bullet barely misses the howler monkey.
The howler monkey misses you.
The howler monkey hoots and howls with incredible vigour!
You shoot a sling bullet.
The sling bullet closely misses the howler monkey.
The howler monkey hits you.
You shoot a sling bullet.
The sling bullet hits the howler monkey.
You kill the howler monkey!
Blork the orc hits you with a +0 scimitar.
You shoot a sling bullet.
The sling bullet hits Blork the orc but does no damage.
Blork the orc barely misses you.
Blork the orc looks angry.
Blork the orc gestures at you while chanting.
The puff of flame hits you!
You shoot a sling bullet. The sling bullet hits Blork the orc.
Blork the orc is lightly wounded.
Blork the orc casts a spell at you. The puff of frost hits you.
You shoot a sling bullet. The sling bullet hits Blork the orc.
Blork the orc is lightly wounded.
Blork the orc hits you with a +0 scimitar! x2
You die...

.# .. .#
.#
#####.#
#...#.#
#.#.#o#
#...@.#
#.#####
#.....#
#####.#
#.####
#....#
####.#
#.####
###
#.#######
#....#


You could see Blork the orc (fast).

Vanquished Creatures
  A howler monkey (D:4)
  3 gnolls (D:3)
  3 adders (D:2)
  2 worms (D:2)
  2 dart slugs (D:1)
  4 orcs (D:3)
  8 endoplasms
  7 giant cockroaches
  3 goblins
  7 hobgoblins
  3 jackals (D:1)
  4 kobolds
  4 quokkas
  9 ball pythons
  6 bats
  2 frilled lizards
  3 rats
71 creatures vanquished.

Notes
Turn   | Place    | Note
-------+----------+-------------------------------------------
     0 | D:1      | qw the Minotaur Hexslinger began the quest for the Orb.
     0 | D:1      | Reached XP level 1. HP: 16/16 MP: 1/1
     0 | D:1      | 0 ||| qw: Version: 0.3-a-51-g015441d
     0 | D:1      | 0 ||| qw: Game counter: 4339
     0 | D:1      | 0 ||| qw: Melee chars always use a shield: true
     0 | D:1      | 0 ||| qw: God list: Okawaru
     0 | D:1      | 0 ||| qw: Allow faded altars: false
     0 | D:1      | 0 ||| qw: Do Orc after clearing Dungeon:15 true
     0 | D:1      | 0 ||| qw: Do second Lair branch before Depths: true
     0 | D:1      | 0 ||| qw: Lair rune preference: random
     0 | D:1      | 0 ||| qw: Goals: Normal
     0 | D:1      | 0 ||| PLANNING D:1-11
    59 | D:1      | Reached skill level 3 in Ranged Weapons
    70 | D:1      | 70 ||| FLEEEEING.
    71 | D:1      | 71 ||| FLEEEEING.
    85 | D:1      | Reached XP level 2. HP: 23/23 MP: 2/2
   379 | D:1      | Reached XP level 3. HP: 29/29 MP: 3/3
   540 | D:1      | 540 ||| UPGRADING to +0 leather armour.
   550 | D:1      | 550 ||| DROPPING +0 robe.
   551 | D:1      | 551 ||| READING scroll labelled VIKKIL CAGAC.
   552 | D:1      | 552 ||| READING 3 scrolls labelled LUSAHI LUDO.
   555 | D:1      | 555 ||| READING scroll labelled BIDUAJ HANYWU.
   556 | D:1      | 556 ||| READING scroll labelled KIM JEB LOBAR.
   557 | D:1      | 557 ||| DROPPING scroll of poison.
   634 | D:2      | Reached skill level 4 in Ranged Weapons
   866 | D:2      | Reached XP level 4. HP: 35/36 MP: 4/4
  1381 | D:2      | 1381 ||| DROPPING scarf of invisibility.
  1382 | D:2      | 1382 ||| READING scroll labelled JEM AXTABAINOH.
  1383 | D:2      | 1383 ||| READING scroll labelled KIDECV TODOMN.
  1384 | D:2      | 1384 ||| READING scroll labelled UGGIYPHIRCH.
  1385 | D:2      | 1385 ||| DRINKING 2 black potions.
  1432 | D:2      | 1432 ||| DROPPING potion of lignification.
  1683 | D:3      | Reached skill level 5 in Ranged Weapons
  1720 | D:3      | Reached skill level 3 in Fighting
  1803 | D:3      | Found an opulent altar of Gozag.
  1868 | D:3      | Reached XP level 5. HP: 45/45 MP: 5/5
  2236 | D:3      | 2236 ||| DRINKING 2 fizzy inky potions.
  2237 | D:3      | 2237 ||| DROPPING potion of attraction.
  2538 | D:4      | Noticed Blork the orc
  2548 | D:4      | HP: 5/45 [Blork the orc/+0 scimitar (11)]
  2548 | D:4      | Mangled by Blork the orc

Levels and vault maps discovered:
D:1:      denvon_arrival_planthouse, layout_rooms
D:2:      layout_basic
D:3:      layout_basic, nicolae_gozag_cash_rules_everything_around_me,
          serial_curves, eino_curves_03, eino_curves_03, eino_curves_03,
          st_stairs_11
D:4:      layout_basic, uniq_blork_the_orc, uniq_ijyb

Skill      XL: |  1  2  3  4 |
---------------+-------------+-----
Ranged Weapons | 3 4 5 |  5.6
Fighting       | 2 3 |  3.2
Dodging        | |  2.1
Spellcasting   | |  1.0
Hexes          | |  2.0

Action                     |  1- 3 |  4- 6 || total
---------------------------+-------+-------++-------
   Fire: Sling             |   114 |   123 ||   237
    Use: Scroll            |     4 |     3 ||     7
         Potion            |       |     2 ||     2
 Armour: Robe              |     9 |       ||     9
         Leather armour    |     2 |    10 ||    12
  Dodge: Dodged            |    64 |    23 ||    87

Table legend:
 A = Non-vault XP
 B = Vault XP
 C = Vault XP percentage of total XP
 D = Non-vault monster count
 E = Vault monster count
 F = Vault count percentage of total count
                 A         B        C        D         E       F
            +---------+---------+-------+---------+---------+-------
      Total |     264 |       4 |   1.5 |      68 |       3 |   4.2
            +---------+---------+-------+---------+---------+-------
        D:1 |      49 |       0 |   0.0 |      25 |       0 |   0.0
        D:2 |      81 |       0 |   0.0 |      23 |       0 |   0.0
        D:3 |      75 |       4 |   5.1 |      18 |       3 |  14.3
        D:4 |      59 |       0 |   0.0 |       2 |       0 |   0.0
            +---------+---------+-------+---------+---------+-------
